Map: Automaton LE

Players

Lethologica

  • Race: Terran Terran
  • League: Diamond
  • Spawn Location: 9:00

A.I. 1 (Very Easy) - Winner!

  • Race: Protoss Protoss
  • Spawn Location: 3:00

VOD

Have the link to the VOD?

Description

Time

  • Played on: March 23, 2019, 11:08 p.m.
  • Length: 9:24
Show
View Real Time Build Order
Export as new Build Order

Lethologica Terran 

Build Orders: Liberator Opening 

Get SALT Encoding   

  12  0:01  SCV  
  13  0:13  SCV  
  14  0:18  Supply Depot  
  14  0:25  SCV  
  15  0:31  Refinery  
  15  0:39  SCV  
  16  0:46  Barracks  
  16  0:52  SCV  
  17  1:04  SCV  
  18  1:16  SCV  
  19  1:28  SCV  
  20  1:34  Reaper  
  21  1:41  Orbital Command  
  21  1:54  Command Center  
  21  2:05  Factory  
  21  2:12  Refinery  
  21  2:13  SCV  
  22  2:19  Barracks Reactor  
  22  2:25  Supply Depot  
  22  2:27  SCV  
  23  2:36  Bunker  
  23  2:40  SCV  
  23  2:49  Factory Tech Lab  
  23  2:52  SCV  
  24  2:58  Starport  
  24  3:01  Marine  
  24  3:03  Marine  
  24  3:04  SCV  
  27  3:12  Orbital Command  
  27  3:17  SCV  
  27  3:19  Refinery  
  28  3:22  Marine  
  28  3:24  Marine  
  30  3:29  Liberator  
  30  3:32  Siege Tank  
  33  3:35  SCV  
  33  3:39  SCV  
  35  3:41  Marine  
  39  3:49  Marine  
  39  3:52  SCV  
  42  3:55  SCV  
  42  3:59  Marine, Supply Depot  
  43  4:05  SCV  
  43  4:07  SCV  
  46  4:18  SCV  
  46  4:23  SCV, Supply Depot  
  47  4:25  Widow Mine x2, Marine  
  47  4:29  Medivac  
  54  4:40  Supply Depot  
  54  4:41  Supply Depot  
  54  4:45  Marine, SCV x2  
  56  4:47  Widow Mine x2  
  61  4:56  Barracks  
  61  4:57  SCV x2  
  61  4:58  Barracks  
  63  5:02  Starport Reactor  
  63  5:03  Starport Tech Lab  
  63  5:12  SCV  
  64  5:15  SCV  
  64  5:17  Refinery  
  64  5:19  Engineering Bay  
  64  5:20  Engineering Bay  
  65  5:24  Raven, SCV  
  65  5:27  SCV  
  69  5:29  Stimpack  
  69  5:32  Marauder  
  71  5:36  SCV  
  71  5:39  SCV  
  73  5:45  Marine, Factory Tech Lab  
  73  5:46  Marine  
  73  5:48  SCV  
  73  5:49  Terran Infantry Weapons Level 1  
  76  5:51  Terran Infantry Armor Level 1, SCV  
  77  5:57  Marauder  
  77  6:01  SCV  
  80  6:05  Supply Depot  
  80  6:08  SCV  
  81  6:17  SCV  
  79  6:19  Marine  
  79  6:20  SCV  
  79  6:23  Starport Reactor  
  81  6:26  Combat Shield  
  81  6:27  Concussive Shells  
  81  6:29  SCV  
  81  6:30  Marauder  
  81  6:31  Marauder  
  86  6:33  SCV  
  86  6:34  Supply Depot x2  
  86  6:39  Command Center  
  87  6:42  SCV  
  87  6:43  Widow Mine x2  
  87  6:45  SCV  
  93  6:52  Supply Depot  
  93  6:54  SCV, Armory  
  94  6:56  Marauder x2  
  94  6:58  Marauder  
  100  7:03  Medivac  
  100  7:04  Medivac, SCV  
  105  7:08  SCV  
  105  7:10  Widow Mine x2  
  110  7:20  Marauder x3  
  110  7:21  SCV  
  117  7:26  SCV, Supply Depot x2  
  118  7:35  Widow Mine x2, Medivac  
  118  7:36  SCV  
  125  7:39  Supply Depot  
  125  7:40  Marine  
  126  7:48  SCV, Marauder  
  129  7:55  Orbital Command, SCV  
  129  7:57  Marine  
  131  7:59  Marauder  
  133  8:09  Marine, Medivac  
  133  8:10  Widow Mine x2  
  140  8:14  Marine  
  141  8:20  Marauder  
  141  8:26  Marine  
  143  8:33  Marauder  
  146  8:38  Widow Mine  
  146  8:39  Widow Mine  
  150  8:41  Marine  
  150  8:58  Orbital Command  
  150  8:59  Marine  
  150  9:00  Marine  
  150  9:01  SCV, Marauder  
  155  9:06  Barracks x2  
  155  9:07  Barracks  
  155  9:10  SCV  
  162  9:20  Barracks x2  
Show
View Real Time Build Order
Export as new Build Order

A.I. 1 (Very Easy) Protoss - Winner!

Build Orders: 1 Gate Expand, Nexus First 

Get SALT Encoding   

  12  0:00  Probe  
  13  0:13  Probe  
  14  0:21  Pylon  
  14  0:44  Gateway  
  14  1:04  Nexus  
  14  1:20  Pylon  
  14  1:23  Zealot  
  14  1:26  Assimilator  
  16  1:39  Cybernetics Core, Probe  
  17  1:52  Probe  
  18  2:01  Probe  
  18  2:03  Assimilator  
  19  2:09  Probe  
  19  2:15  Stalker  
  22  2:19  Probe  
  22  2:22  Probe  
  23  2:23  Warp Gate  
  24  2:33  Probe  
  25  2:41  Probe  
  26  2:45  Pylon  
  26  2:48  Probe  
  27  2:55  Probe  
  28  3:02  Probe  
  29  3:09  Probe  
  30  3:17  Probe  
  31  3:20  Robotics Facility, Probe  
  32  3:31  Probe  
  33  3:34  Adept  
  33  3:38  Probe  
  36  3:45  Probe  
  37  3:50  Assimilator  
  37  3:53  Probe  
  38  4:00  Probe  
  39  4:03  Probe  
  39  4:06  Assimilator  
  39  4:09  Observer  
  41  4:14  Probe  
  42  4:17  Probe  
  43  4:29  Probe  
  43  4:30  Observer  
  45  4:32  Pylon, Probe  
  46  4:43  Probe  
  47  4:50  Probe  
  48  4:53  Sentry  
  50  5:58  Probe  
  49  6:10  Probe  
  41  6:13  Sentry, Probe  
  38  6:22  Probe  
  39  6:31  Probe  
  40  6:34  Probe  
  41  6:45  Probe  
  42  6:53  Probe  
  43  7:00  Probe  
  44  7:04  Probe  
  45  7:14  Probe  
  41  7:17  Probe  
  38  7:29  Probe  
  39  7:33  Probe  
  41  7:44  Probe  
  42  7:51  Probe  
  43  7:58  Probe  
  44  8:05  Probe  
  44  8:09  Probe  
  45  8:21  Stalker  
  45  8:23  Probe  
  45  8:24  Observer  
  47  8:29  Pylon  
  32  8:36  Probe  
  30  8:48  Probe  
  30  8:50  Zealot  
  23  8:55  Observer  
  23  9:00  Probe  
  14  9:03  Pylon  
  14  9:09  Probe  
  12  9:22  Nexus  
Tags
 
Add a new tag
Caveats
  • Supply blocks, unpowered buildings, or Contaminate may cause inaccurate times.
  • Supply counts are checked every 10 seconds.